[Event "CHI-ch Absolute 2018"]
[Site "Santiago"]
[Date "2018.02.26"]
[Round "3"]
[White "Lopez Silva, Hugo"]
[Black "Llorens Sepulveda, Marcelo"]
[Result "1-0"]
[ECO "B76"]
[WhiteElo "2389"]
[BlackElo "2266"]
[Annotator "RC"]
[PlyCount "69"]
[EventDate "2018.??.??"]
[EventType "tourn"]
[EventCountry "CHI"]
[SourceTitle "playchess.com"]
[Source "ChessBase"]
[SourceQuality "1"]
[TimeControl "5400+30"]

1. e4 c5 2. Nf3 Nc6 3. d4 cxd4 4. Nxd4 g6 5. Nc3 Bg7 6. Be3 Nf6 7. f3 O-O 8. g4 d6 9. Qd2 Bd7 10. O-O-O Rc8 11. h4 Ne5 12. Kb1 Qa5 13. Nb3 Qc7 14. Be2 b5 15. h5 b4 16. Nd5 Nxd5 17. exd5 a5 18. Nd4 Nc4 19. Bxc4 Qxc4 20. hxg6 fxg6 21. Qh2 h6 22. b3 Qxd5 23. Nf5 Qe5 24. Qxe5 Bxe5 25. Nxe7+ Kf7 26. Nxc8 Rxc8 27. Rxh6 Bc6 28. Rh3 Ke6 29. f4 Bf6 30. f5+ gxf5 31. gxf5+ Kxf5 32. Rxd6 Be4 33. Rh2 Be5 34. Rh5+ Kg4 35. Rxe5 1-0

[Event "CHI-ch Absolute 2018"]
[Site "Santiago"]
[Date "2018.02.28"]
[Round "7"]
[White "Barria Zuniga, Daniel"]
[Black "Llorens Sepulveda, Marcelo"]
[Result "1/2-1/2"]
[ECO "A57"]
[WhiteElo "2395"]
[BlackElo "2266"]
[Annotator "ChessBase"]
[PlyCount "23"]
[EventDate "2018.??.??"]
[EventType "tourn"]
[EventCountry "CHI"]
[SourceTitle "playchess.com"]
[Source "ChessBase"]
[SourceQuality "1"]
[TimeControl "5400+30"]

1. d4 Nf6 2. c4 c5 3. d5 b5 4. cxb5 a6 5. Nc3 d6 6. e4 g6 7. Nf3 Bg7 8. a4 O-O 9. Bd2 axb5 10. Bxb5 Na6 11. O-O Nb4 12. h3 1/2-1/2

[Event "CHI-ch Absolute 2018"]
[Site "Santiago"]
[Date "2018.03.03"]
[Round "11"]
[White "Abarca Gonzalez, Nicolas"]
[Black "Diaz Villagran, Robert"]
[Result "1/2-1/2"]
[ECO "C06"]
[WhiteElo "2388"]
[BlackElo "2317"]
[Annotator "NA"]
[PlyCount "20"]
[EventDate "2018.??.??"]
[EventType "tourn"]
[EventCountry "CHI"]
[SourceTitle "playchess.com"]
[Source "ChessBase"]
[SourceQuality "1"]
[TimeControl "5400+30"]

1. e4 e6 2. d4 d5 3. Nd2 Nf6 4. e5 Nfd7 5. Bd3 c5 6. c3 Nc6 7. Ne2 cxd4 8. cxd4 f6 $14 {[%emt 0:00:08] LiveBook: 4279 Games} 9. Nf4 Qe7 10. exf6 Nxf6 1/2-1/2

[Event "CHI-ch Absolute 2018"]
[Site "Santiago"]
[Date "2018.03.03"]
[Round "11"]
[White "Fuentes Parra, Victor Ignacio"]
[Black "Barria Zuniga, Daniel"]
[Result "0-1"]
[ECO "B27"]
[WhiteElo "2148"]
[BlackElo "2395"]
[Annotator "NA"]
[PlyCount "68"]
[EventDate "2018.??.??"]
[EventType "tourn"]
[EventCountry "CHI"]
[SourceTitle "playchess.com"]
[Source "ChessBase"]
[SourceQuality "1"]
[TimeControl "5400+30"]

1. e4 g6 2. d4 Bg7 3. Nf3 c5 4. c3 cxd4 5. cxd4 d5 6. e5 Nc6 7. Nc3 Nh6 ({Black should play} 7... Bg4 $11) 8. Qb3 Nf5 $11 9. Bb5 O-O 10. Bxc6 bxc6 11. O-O e6 12. Bg5 Nxd4 13. Nxd4 Qxg5 14. Nf3 Qe7 15. Rac1 c5 16. Qa3 Bd7 17. Na4 Bxa4 18. Qxa4 Rfc8 19. Rc3 Qb7 20. Rb3 Qc6 21. Qf4 Rab8 22. Ra3 Rxb2 23. Rxa7 Rb7 24. Ra3 Rb4 25. Qd2 Ra4 26. Rc3 Qa6 27. Rc2 Qa5 28. Qg5 Rxa2 29. Rxa2 Qxa2 30. h4 h6 31. Qe7 Qa5 32. h5 g5 33. Qb7 Qc7 34. Qb2 g4 0-1